 Dungeon Crawl Stone Soup version 0.30-a0-12-gd8047c6341 (webtiles) character file.

Game seed: 2090747405896473490

248 Sobieck the Shooter (level 6, -3/30 HPs)
             Began as a Vine Stalker Hunter on Aug 23, 2022.
             Shot with an arrow by a centaur (10 damage)
             ... on level 4 of the Dungeon.
             The game lasted 00:05:27 (3231 turns).

Sobieck the Shooter (Vine Stalker Hunter)           Turns: 3231, Time: 00:05:27

Health: -3/30      AC:  4    Str: 13    XL:     6   Next: 12%
Magic:  0/7        EV: 12    Int:  9    God:
Gold:   220        SH:  0    Dex: 20    Spells: 5/5 levels left

rFire   . . .      SeeInvis .    a - +0 shortbow {bow}
rCold   . . .      Faith    .    (shield currently unavailable)
rNeg    . . .      Spirit   +    c - +0 leather armour
rPois   +          Reflect  .    (no helmet)
rElec   .          Harm     .    m - +0 cloak
rCorr   .          Rampage  .    (no gloves)
Will    .....                    (no boots)
Stlth   ++........               (no amulet)
HPRegen 0.90/turn                t - ring of poison resistance
MPRegen 0.10/turn                (no ring)

@: no status effects
A: fangs 2, regeneration 1, magic shield, antimagic bite, no potion heal 2
a: no special abilities


You were on level 4 of the Dungeon.
You visited 1 branch of the dungeon, and saw 4 of its levels.

You collected 220 gold pieces.


Innate Abilities, Weirdness & Mutations

You have extremely sharp teeth.
Your natural rate of healing is unusually fast.
When hurt, damage is shared between your health and your magic reserves.
Your bite disrupts and absorbs the magic of your enemies.
Potions cannot restore your health.


   Skills:
 - Level 1.7 Fighting
 + Level 6.5 Ranged Weapons
 - Level 1.5 Dodging
 - Level 1.2 Stealth


You had 5 spell levels left.
You didn't know any spells.
Your spell library contained the following spells:

 Spells                   Type           Power      Damage    Failure   Level
 Ensorcelled Hibernation  Hex/Ice        0%         N/A       61%         2
 Passwall                 Tmut/Erth      0%         N/A       61%         2
 Scorch                   Fire           0%         2d5       61%         2
 Lesser Beckoning         Tloc           0%         N/A       83%         3
 Swiftness                Air            0%         N/A       83%         3
 Summon Ice Beast         Ice/Summ       0%         N/A       99%         4
 Summon Mana Viper        Hex/Summ       0%         N/A       100%        5
 Monstrous Menagerie      Summ           0%         N/A       100%        7
 Ignition                 Fire           0%         3d3       100%        8

Inventory:

Hand Weapons
 a - a +0 shortbow (weapon) {bow}
 b - a +4 dagger {short}
   (You took it off a kobold on level 1 of the Dungeon)
 h - a +0 dagger {short}
   (You took it off a goblin on level 1 of the Dungeon)
 x - a +0 whip of electrocution {mace}
   (You took it off a kobold on level 3 of the Dungeon)
Missiles
 i - 36 stones {throwing}
 p - 4 poisoned darts {throwing}
 s - 3 javelins {throwing}
 B - a boomerang {throwing}
Armour
 c - a +0 leather armour (worn)
 j - a +0 ring mail
   (You found it on level 1 of the Dungeon)
 k - a +0 ring mail
   (You found it on level 1 of the Dungeon)
 l - a +0 robe
   (You found it on level 1 of the Dungeon)
 m - a +0 cloak (worn)
   (You found it on level 1 of the Dungeon)
 n - a +0 robe
   (You found it on level 2 of the Dungeon)
 q - a +0 robe
   (You took it off an orc wizard on level 4 of the Dungeon)
 v - the +1 ring mail of Sin {rPois rC+}
   (You found it on level 2 of the Dungeon)

   rC:        It protects you from cold.
   rPois:     It protects you from poison.
 w - a +0 chain mail
   (You took it off an orc on level 4 of the Dungeon)
 y - a +0 chain mail
   (You found it on level 3 of the Dungeon)
 z - a +0 chain mail
   (You found it on level 3 of the Dungeon)
 A - a +0 chain mail
   (You found it on level 3 of the Dungeon)
 C - a +0 leather armour
   (You took it off an orc on level 4 of the Dungeon)
 D - a +0 chain mail
   (You took it off an orc on level 4 of the Dungeon)
Jewellery
 t - a ring of poison resistance (left hand)
   (You found it on level 2 of the Dungeon)
Scrolls
 d - a scroll of identify {@r1}
 e - a scroll of amnesia
 f - a scroll of immolation {!r!r}
 r - a scroll of magic mapping {unknown}
Potions
 g - a potion of ambrosia
 o - 4 potions of curing {@q1}
 u - 3 potions of mutation {!q}

Dungeon Overview and Level Annotations

Branches:
Dungeon (4/15) Zot: 20745
 Temple: D:4-7

Altars:

Shops:
D:1 ( D:3

( ##.......................###
......#......................
......#......................#
###..........................#
##..........................
##.........................
###..........................
##...........................
#...............@...........
...........................
................l..[......
..#............c.........
........................
.....................$..
.................................
.................................
.................................


You could see a centaur and an iguana.


Message History

The arrow hits the orc priest.
The orc priest mumbles some strange prayers to Beogh against you.
Beogh smites you!
The orc priest begins to cast a cantrip, but forgets the words!
You are too injured to fight recklessly!
Unknown command.
Fire: a) +0 shortbow {bow}
Press: ? - help, Q - select action, (/) - cycle Shift-Dir - straight line, f/p - orc priest
Aim: an orc priest, wielding a +0 dagger (heavily wounded, 65% to hit)
You shoot an arrow. The arrow hits the orc priest.
Fire: a) +0 shortbow {bow}
Press: ? - help, Q - select action, (/) - cycle Shift-Dir - straight line, f/p - orc priest
Aim: an orc priest, wielding a +0 dagger (severely wounded, 65% to hit)
You shoot an arrow.
The arrow completely misses the orc priest.
Fire: a) +0 shortbow {bow}
Press: ? - help, Q - select action, (/) - cycle Shift-Dir - straight line, f/p - orc priest
Aim: an orc priest, wielding a +0 dagger (severely wounded, 65% to hit)
You shoot an arrow. The arrow hits the orc priest.
The orc priest invokes the aid of Beogh against you.
Pain shoots through your body!
Fire: a) +0 shortbow {bow}
Press: ? - help, Q - select action, (/) - cycle Shift-Dir - straight line, f/p - orc priest
Aim: an orc priest, wielding a +0 dagger (severely wounded, 65% to hit)
You shoot an arrow. The arrow hits the orc priest!
You kill the orc priest!
The orc hits you but does no damage. The orc hits you with a +0 falchion.
The orc hits you with a +0 club.
You have reached level 6!
Unknown command.
b - a +4 dagger (weapon)
{short} Unknown command.
You barely miss the orc. Your bite misses the orc.
The orc closely misses you. x2
You hit the orc. The orc completely misses you.
The orc hits you with a +0 club.
You hit the orc.
You kill the orc!
The orc closely misses you.
You barely miss the orc. You bite the orc. You drain its power.
You feel invigorated. The orc closely misses you.
You hit the orc.
You kill the orc!
Things that are here:
a +0 falchion {long}; an orc corpse
r - a scroll labelled OSI NUHYUL You see here a +0 dagger {short}.
Things that are here:
a +0 falchion {long}; an orc corpse
w - a +0 chain mail You see here a +0 hand axe {axe}.
You start resting.
Unknown command.
a - a +0 shortbow (weapon)
{bow} An orc comes into view. It is wielding a +0 dagger.
Danger!
You shoot an arrow. The orc shouts!
The arrow hits the orc.
You shoot an arrow. The arrow barely misses the orc.
You shoot an arrow. The arrow hits the orc.
You shoot an arrow. The arrow completely misses the orc.
A goblin comes into view. It is wielding a +0 club.
You shoot an arrow. The goblin shouts!
The arrow hits the orc but does no damage.
The orc hits you but does no damage.
You shoot an arrow. The arrow hits the orc.
You kill the orc!
You shoot an arrow. The arrow hits the goblin!
You kill the goblin!
No target in view!
No target in view!
D - a +0 chain mail
Things that are here:
a +0 dagger {short}; an orc corpse You now have 220 gold pieces (gained 11).
A centaur comes into view.
An iguana comes into view.
You see here 14 gold pieces.
Danger!
You shoot an arrow. The centaur shouts!
The iguana hisses angrily.
The arrow hits the centaur!
You shoot an arrow. The arrow closely misses the centaur.
You shoot an arrow.
The arrow hits the centaur but does no damage.
The centaur wields a +2 vorpal shortbow.
The centaur shoots an arrow.
The arrow hits you.
The centaur shoots an arrow.
The arrow hits you!
* * * LOW HITPOINT WARNING * * *
x2 You are too injured to fight recklessly!
Unknown command.
Okay, then.
Fire: a) +0 shortbow {bow}
Press: ? - help, Q - select action, (/) - cycle Shift-Dir - straight line, f/p - centaur
Aim: a centaur, wielding a +2 vorpal shortbow (moderately wounded, 75% to hit)
You shoot an arrow. The arrow hits the centaur!
The centaur shoots an arrow.
The arrow hits you.
* * * LOW HITPOINT WARNING * * *
x2 The centaur shoots an arrow.
The arrow hits you!
You die...

Skill      XL: |  1  2  3  4  5 |
---------------+----------------+-----
Ranged Weapons | 4 5 6 |  6.5
Fighting       | |  1.7
Dodging        | |  1.5
Stealth        | |  1.2

Action                   |  1- 3 |  4- 6 || total
-------------------------+-------+-------++-------
Melee: Dagger            |    23 |    45 ||    68
       Bite              |     4 |    15 ||    19
 Fire: Shortbow          |    72 |    73 ||   145
  Use: Scroll            |       |     7 ||     7
Armor: Leather armour    |     9 |     9 ||    18
Dodge: Dodged            |    18 |    35 ||    53

Levels and vault maps discovered:
D:1:      matt_arrival_spirals, layout_basic, serial_shops, shop_fountains,
          fountainhead, lemuel_old_faithful
D:2:      cheibrodos_old_hovel, layout_rooms,
          chequers_ecumenical_altar_simple_redux
D:3:      minmay_chambers_of_twos, layout_basic, serial_shops,
          nicolae_shop_waterfront
D:4:      cheibrodos_greedy_goblins, layout_layer_cave,
          minmay_temple_entry_butterflies

Notes
Turn   | Place    | Note
-------+----------+-------------------------------------------
     0 | D:1      | Sobieck the Vine Stalker Hunter began the quest for the
                  | Orb.
     0 | D:1      | Reached XP level 1. HP: 11/11 MP: 2/2
   119 | D:1      | HP: 2/11 [quokka (4)]
   535 | D:1      | Reached skill level 4 in Ranged Weapons
   535 | D:1      | Reached XP level 2. HP: 15/15 MP: 3/3
  1052 | D:1      | Found Ucul's Weapon Emporium.
  1061 | D:1      | You pick up a book of Burglary and begin reading...
  1061 | D:1      | You add the spells Passwall, Ensorcelled Hibernation and
                  | Swiftness to your library.
  1318 | D:2      | Reached XP level 3. HP: 18/18 MP: 4/4
  1681 | D:2      | Reached skill level 5 in Ranged Weapons
  1698 | D:2      | Gained mutation: Your natural rate of healing is unusually
                  | fast. [Vine Stalker growth]
  1698 | D:2      | Reached XP level 4. HP: 23/23 MP: 5/5
  1731 | D:2      | Found a faded altar of an unknown god.
  1779 | D:2      | Identified the +1 ring mail of Sin {rPois rC+}
  2268 | D:3      | Found Ponleat's Weapon Shop.
  2538 | D:3      | You add the spells Scorch, Lesser Beckoning and Ignition to
                  | your library.
  2538 | D:3      | Got the Writings on Conflagration and Coordinates {@e2}
  2554 | D:3      | Reached XP level 5. HP: 26/26 MP: 6/6
  2655 | D:3      | You pick up a book of Beasts and begin reading...
  2655 | D:3      | You add the spells Summon Ice Beast, Summon Mana Viper and
                  | Monstrous Menagerie to your library.
  2924 | D:4      | Reached skill level 6 in Ranged Weapons
  3160 | D:4      | Reached XP level 6. HP: 20/30 MP: 4/7
  3231 | D:4      | HP: 7/30 [centaur/arrow (1)]
  3231 | D:4      | Shot with an arrow by a centaur

Vanquished Creatures
  A hound (D:4)
  An orc priest (D:4)
  An orc wizard (D:4)
  An iguana (D:3)
  5 adders
  2 worms
  2 dart slugs (D:3)
  11 orcs
  4 endoplasms
  4 giant cockroaches
  6 goblins
  7 hobgoblins
  3 quokkas
  5 ball pythons
  6 bats
  4 frilled lizards
  5 kobolds
  9 rats
77 creatures vanquished.

Vanquished Creatures (others)
  2 plants (D:2)
2 creatures vanquished.

Grand Total: 79 creatures vanquished

Table legend:
 A = Non-vault XP
 B = Vault XP
 C = Vault XP percentage of total XP
 D = Non-vault monster count
 E = Vault monster count
 F = Vault count percentage of total count
                 A         B        C        D         E       F
            +---------+---------+-------+---------+---------+-------
      Total |     314 |      41 |  11.5 |      68 |       9 |  11.7
            +---------+---------+-------+---------+---------+-------
        D:1 |      30 |       0 |   0.0 |      22 |       0 |   0.0
        D:2 |      55 |       1 |   1.8 |      17 |       1 |   5.6
        D:3 |      80 |      40 |  33.3 |      15 |       8 |  34.8
        D:4 |     149 |       0 |   0.0 |      14 |       0 |   0.0
            +---------+---------+-------+---------+---------+-------

Illustrated notes

Table legend:
 A = Kills in this place as a percentage of kills in entire the game.
 B = Kills by you in this place as a percentage of kills by you in the entire game.
 C = Kills by friends in this place as a percentage of kills by friends in the entire game.
 D = Other kills in this place as a percentage of other kills in the entire game.
 E = Experience gained in this place as a percentage of experience gained in the entire game.
 F = Experience gained in this place divided by the number of levels of this place that you have seen.
                   A       B       C       D       E      F
               +-------+-------+-------+-------+-------+----------------------
         Total | 100.0 | 100.0 |   N/A |   N/A | 100.0 |  88.8
       Dungeon | 100.0 | 100.0 |   N/A |   N/A | 100.0 |  88.8
               +-------+-------+-------+-------+-------+----------------------

Table legend: (Time is in decaauts)
 A = Elapsed time spent in this place.
 B = Non-inter-level travel time spent in this place.
 C = Inter-level travel time spent in this place.
 D = Time resting spent in this place.
 E = Time spent auto-exploring this place.
 F = Levels seen in this place.
 G = Mean time per level.
                   A        B        C        D        E       F      G
               +--------+--------+--------+--------+--------+-----+--------+
         Total |   3253 |   3122 |    131 |     17 |   2589 |   4 |  813.2 |
       Dungeon |   3253 |   3122 |    131 |     17 |   2589 |   4 |  813.2 |
               +--------+--------+--------+--------+--------+-----+--------+

Top non-repeatable levels by time:
     D:1: 1321 daAuts
     D:3: 865 daAuts
     D:2: 628 daAuts
     D:4: 438 daAuts
